 Dungeon Crawl Stone Soup version 0.24-a0-361-g57161393b2 (webtiles) character file.

Game seed: 2799393459667570051

25069 MisterOstroum the Fighter (level 12, -2/107 HPs)
             Began as a Demonspawn Wanderer on May 26, 2019.
             Was an Initiate of Gozag.
             Hit by a javelin thrown by a minotaur (23 damage)
             ... in a Gauntlet.
             The game lasted 01:05:55 (21568 turns).

MisterOstroum the Fighter (Demonspawn Wanderer)    Turns: 21568, Time: 01:05:55

Health: -2/107     AC: 20    Str: 20    XL:     12   Next: 86%
Magic:  13/13      EV:  9    Int: 17    God:    Gozag
Gold:   2674       SH: 14    Dex: 22    Spells: 12/13 levels left

rFire    + + .     SeeInvis .   g - +1 short sword (elec)
rCold    + . .     Gourm    .   G - +2 buckler
rNeg     . . .     Faith    .   u - +2 scale mail {rF+}
rPois    +         Spirit   .   R - +1 helmet of Freedom {rPois rF+ rC+ Dex+8}
rElec    .         Reflect  +   y - +2 cloak
rCorr    .         Harm     .   (gloves unavailable)
MR       .....     NoTele   +   v - +2 pair of boots
Stlth    ++........             s - +6 amulet of reflection
HPRegen  0.27/turn              K - +3 ring of strength
MPRegen  0.13/turn              n - ring of stealth

@: no status effects
A: claws 3, molten scales 1, agile 1, demonic guardian 1, spiny 1, strong 1,
augmentation 1
a: Potion Petition, Call Merchant, Bribe Branch, Renounce Religion


You were in a Gauntlet.
You worshipped Gozag.
Gozag was most pleased with you.
You were full.

You visited 2 branches of the dungeon, and saw 15 of its levels.
You also visited: Sewer and Gauntlet.

You collected 3539 gold pieces.
You spent 142 gold pieces at shops.
You paid 723 gold pieces to Gozag.

Inventory:

Hand Weapons
 g - a +1 short sword of electrocution (weapon)
 o - a +2 rapier of venom
 x - a +4 short sword
 M - a +4 falchion
Missiles
 d - 281 stones (quivered)
 O - 2 throwing nets {!f}
 Q - 2 atropa-tipped darts
Armour
 j - the -2 helmet of Magic {rElec rCorr, unknown}
   (You found it in a Gauntlet)

   It insulates you from electricity.
   It provides partial protection from all sources of acid and corrosion.
 q - the -5 pair of boots of the Iron Devil {rC+++ Regen+ Int-5}
   (You found it in a Gauntlet)

   It affects your intelligence (-5).
   It renders you almost immune to cold.
   It increases your rate of regeneration.
 u - a +2 scale mail of fire resistance (worn)
 v - a +2 pair of boots (worn)
 y - a +2 cloak (worn)
 G - a +2 buckler (worn)
 L - a scarf of cloud immunity
 R - the +1 helmet of Freedom (worn) {rPois rF+ rC+ Dex+8}
   (You found it on level 12 of the Dungeon)

   It affects your dexterity (+8).
   It protects you from fire.
   It protects you from cold.
   It protects you from poison.
 S - a +1 large shield of protection
Jewellery
 n - a ring of stealth (right claw)
 s - a +6 amulet of reflection (around neck)
 K - a +3 ring of strength (left claw)
Wands
 r - a wand of iceblast (24)
 A - a wand of polymorph (16)
 F - a wand of paralysis (12)
Scrolls
 a - a scroll of summoning {unknown}
 c - 9 scrolls of teleportation {@r3 !r}
 f - 3 scrolls of fog {!r}
 k - a scroll of amnesia
 p - 2 scrolls of remove curse {@r2}
 t - 3 scrolls of random uselessness {unknown}
 w - 3 scrolls of identify {@r1}
 H - a scroll of brand weapon {unknown}
 I - 2 scrolls of fear {unknown}
 J - a scroll of enchant weapon {unknown}
Potions
 h - a potion of mutation
 i - a potion of haste {@q4 !q}
 m - 11 potions of curing {@q1 !q}
 z - a potion of berserk rage
 B - 3 potions of brilliance
 D - a potion of agility {@q5 !q}
 E - a potion of might {@q3 !q}
Miscellaneous
 b - a crystal ball of energy
 T - a fan of gales (inert)
Comestibles
 e - 18 rations


   Skills:
 + Level 14.2 Fighting
 - Level 12.0 Short Blades
   Level 2.6 Axes
 - Level 2.0 Throwing
 - Level 7.1 Armour
 - Level 1.0 Stealth
 - Level 4.5 Shields
 - Level 1.0 Spellcasting
   Level 1.7 Transmutations


You had 12 spell levels left.
You knew the following spells:

 Your Spells              Type           Power        Failure   Level  Hunger
a - Sandblast             Erth           #.....       47%         1    ##.....

Your spell library contained the following spells:

 Spells                   Type           Power        Failure   Level  Hunger
 Confusing Touch          Hex            #.....       47%         1    ##.....
 Corona                   Hex            #......      47%         1    ##.....
 Freeze                   Ice            #...         47%         1    ##.....
 Magic Dart               Conj           #...         47%         1    ##.....
 Passwall                 Tmut/Erth      #.......     50%         2    ###....
 Blink                    Tloc           N/A          63%         2    ###....
 Call Imp                 Summ           #.......     63%         2    ###....
 Ensorcelled Hibernation  Hex/Ice        #.....       63%         2    ###....
 Slow                     Hex            #.......     63%         2    ###....
 Throw Frost              Conj/Ice       #.....       63%         2    ###....
 Confuse                  Hex            #.......     85%         3    ####...
 Conjure Flame            Conj/Fire      #.......     85%         3    ####...
 Dazzling Spray           Conj/Hex       #.....       85%         3    ####...
 Gell's Gravitas          Tloc           #.........   85%         3    ####...
 Inner Flame              Hex/Fire       #.......     85%         3    ####...
 Mephitic Cloud           Conj/Pois/Air  #.......     85%         3    ####...
 Ozocubu's Armour         Chrm/Ice       #.......     85%         3    ####...
 Portal Projectile        Hex/Tloc       #.....       85%         3    ####...
 Stone Arrow              Conj/Erth      #.....       85%         3    ####...
 Tukima's Dance           Hex            #.......     85%         3    ####...
 Petrify                  Tmut/Erth      #.......     98%         4    #####..
 Cause Fear               Hex            #.........   99%         4    #####..
 Leda's Liquefaction      Hex/Erth       #.........   99%         4    #####..
 Summon Ice Beast         Ice/Summ       #.......     99%         4    #####..
 Throw Icicle             Conj/Ice       #.......     99%         4    #####..
 Lee's Rapid Deconstruct  Erth           #.........   100%        5    ######.
 Metabolic Englaciation   Hex/Ice        #.........   100%        5    ######.
 Yara's Violent Unravell  Hex/Tmut       #.........   100%        5    ######.


Dungeon Overview and Level Annotations

Branches:
Dungeon (12/15)            Temple (0/1) D:4            Lair (3/6) D:10
 Spider (0/4) Lair:2          Orc (0/2) D:11
  Swamp: Lair:2-4    Shoals: Lair:2-4

Altars:
Cheibriados
Dithmenos
Elyvilon
Fedhas
Gozag
Makhleb
Ru
Sif Muna
Uskayaw
Vehumet

Shops:
D:7 *

Annotations:
Lair:2 2 transporters, HAL9000's ghost, journeyman DrTm
Lair:3 Nergalle; Snorg Gauntlet 6 transporters


Innate Abilities, Weirdness & Mutations

You have claws for hands.
You are partially covered in molten scales. (AC +2)
A weak demonic guardian rushes to your aid.
You are partially covered in sharp spines.
Your magical and physical power is slightly enhanced at high health.
You are agile. (Dex +2)
Your muscles are strong. (Str +2)


Message History

You start resting.
The death yak is no longer distracted by gold.
You start resting.
Your magical contamination has completely faded away.
You start resting.
The white imp puffs mist at you.
You are starting to lose your buoyancy.
You start resting.
The death yak becomes distracted by the nearby gold, dreaming of imaginary riches.
You start resting.
The death yak is no longer distracted by gold.
You start resting.
The death yak becomes distracted by the nearby gold, dreaming of imaginary riches.
You float gracefully downwards.
You start resting.
HP restored.
A minotaur comes into view.
Throwing (i - inventory. (/) - cycle)
Q - 2 atropa-tipped darts (quivered)
Press: ? - help, Shift-Dir - straight line, f - minotaur
Aim: a minotaur, wearing a +0 chain mail (hasn't noticed you, chance to blind on hit: 3%)
Okay, then.
Press: ? - help, v - describe, . - travel
Here: a minotaur, wearing a +0 chain mail (hasn't noticed you)
The floor.
Throwing (i - inventory. (/) - cycle)
l - 4 poisoned darts (quivered)
Press: ? - help, Shift-Dir - straight line, f - minotaur
Aim: a minotaur, wearing a +0 chain mail (hasn't noticed you)
You throw a poisoned dart. The poisoned dart hits the minotaur.
The minotaur is poisoned.
Throwing (i - inventory. (/) - cycle)
l - 3 poisoned darts (quivered)
Press: ? - help, Shift-Dir - straight line, f/p - minotaur
Aim: a minotaur, wearing a +0 chain mail (poisoned)
You throw a poisoned dart. The poisoned dart hits the minotaur.
The minotaur looks even sicker.
The minotaur throws a javelin.
The javelin pierces through you!
Throwing (i - inventory. (/) - cycle)
l - 2 poisoned darts (quivered)
Press: ? - help, Shift-Dir - straight line, f/p - minotaur
Aim: a minotaur, wearing a +0 chain mail (poisoned)
You throw a poisoned dart. The poisoned dart hits the minotaur.
The minotaur looks even sicker.
The minotaur throws a javelin.
The javelin pierces through you.
Throwing (i - inventory. (/) - cycle)
l - a poisoned dart (quivered)
Press: ? - help, Shift-Dir - straight line, f/p - minotaur
Aim: a minotaur, wearing a +0 chain mail (lightly wounded, poisoned)
You throw a poisoned dart. The poisoned dart hits the minotaur.
The minotaur looks as sick as possible!
The minotaur is lightly wounded.
Throwing (i - inventory. (/) - cycle)
d - 285 stones (quivered)
Press: ? - help, Shift-Dir - straight line, f/p - minotaur
Aim: a minotaur, wearing a +0 chain mail (lightly wounded, poisoned)
You throw a stone.
The stone hits the minotaur but does no damage.
The minotaur is lightly wounded.
The minotaur throws a javelin.
The javelin pierces through you but does no damage.
Throwing (i - inventory. (/) - cycle)
d - 284 stones (quivered)
Press: ? - help, Shift-Dir - straight line, f/p - minotaur
Aim: a minotaur, wearing a +0 chain mail (lightly wounded, poisoned)
Okay, then.
Throwing (i - inventory. (/) - cycle)
P - 2 javelins (quivered)
Press: ? - help, Shift-Dir - straight line, f/p - minotaur
Aim: a minotaur, wearing a +0 chain mail (lightly wounded, poisoned)
You throw a javelin.
The javelin pierces through the minotaur!
The minotaur is moderately wounded.
The minotaur throws a javelin.
The javelin closely misses you.
The minotaur throws a javelin.
The javelin pierces through you.
Throwing (i - inventory. (/) - cycle)
P - a javelin (quivered)
Press: ? - help, Shift-Dir - straight line, f/p - minotaur
Aim: a minotaur, wearing a +0 chain mail (moderately wounded, poisoned)
You throw a javelin.
The javelin pierces through the minotaur!
The minotaur is moderately wounded.
The minotaur throws a javelin.
The javelin pierces through you!
Throwing (i - inventory. (/) - cycle)
d - 284 stones (quivered)
Press: ? - help, Shift-Dir - straight line, f/p - minotaur
Aim: a minotaur, wearing a +0 chain mail (moderately wounded, poisoned)
You throw a stone.
The stone hits the minotaur but does no damage.
The minotaur is moderately wounded.
The minotaur throws a javelin.
The javelin pierces through you!
Throwing (i - inventory. (/) - cycle)
d - 283 stones (quivered)
Press: ? - help, Shift-Dir - straight line, f/p - minotaur
Aim: a minotaur, wearing a +0 chain mail (moderately wounded, poisoned)
You throw a stone. The stone closely misses the minotaur.
The minotaur throws a javelin.
The javelin pierces through you!!
Throwing (i - inventory. (/) - cycle)
d - 282 stones (quivered)
Press: ? - help, Shift-Dir - straight line, f/p - minotaur
Aim: a minotaur, wearing a +0 chain mail (heavily wounded, poisoned)
You throw a stone. The stone hits the minotaur.
The minotaur is heavily wounded.
The minotaur throws a javelin.
The javelin pierces through you!!
* * * LOW HITPOINT WARNING * * *
The minotaur throws a javelin.
The javelin pierces through you.
* * * LOW HITPOINT WARNING * * *
The minotaur throws a javelin.
The javelin pierces through your shadow imp!
The javelin pierces through you!!
You die...
Your body crumbles into a pile of gold.

#..#.##...##.#..#.#.#[.##..≈#
≈..#..$.©$..Y#..#.5.#.#©#..##
#..###########..#########..≈#
≈..............∩...........##
#..........................≈#
##§#≈#≈#≈#§########≈#≈#≈#≈###
###########.©..5(#########
######......#####
#.........@.....#
#..(............#
####.###5###.#### #.# #.# .#
... ... . .###H###. #. #. #.#
.# .# # . . . # #H ##


You could see a minotaur, a death yak, a white imp and 2 friendly shadow imps.

Vanquished Creatures
  Josephine (D:11)
  A hydra (Lair:3)
  A two-headed ogre (D:10)
  Erica (D:8)
  2 death yaks (Gauntlet)
  A deep elf mage (D:11)
  A moth of wrath (Gauntlet)
  A cyclops (D:12)
  2 ugly things (D:12)
  2 black mambas
  A torpor snail (Gauntlet)
  A spiny frog (Lair:3)
  A kobold demonologist (D:11)
  2 komodo dragons
  3 hornets
  4 hippogriffs
  A raiju (Gauntlet)
  5 blink frogs
  A tarantella (Lair:2)
  5 wraiths
  14 yaks
  A shadow (D:10)
  A wyvern (D:6)
  4 basilisks (Lair:2)
  5 steam dragons
  A hungry ghost (D:12)
  2 wargs (D:10)
  2 water moccasins
  3 porcupines (Lair:2)
  An ice beast (D:11)
  12 orc warriors
  An eye of draining (D:10)
  A phantom (D:5)
  A necrophage (D:10)
  21 wolves
  3 sky beasts
  5 ogres
  6 centaurs
  4 crocodiles
  2 big kobolds (Sewer)
  A gnoll sergeant (D:10)
  6 bullfrogs
  A wyvern skeleton (D:9)
  4 scorpions
  5 wights (D:5)
  3 killer bees (D:11)
  5 howler monkeys
  5 electric eels (Lair:2)
  7 crimson imps
  2 bullfrog zombies
  3 jellies
  A quasit (D:9)
  10 hounds
  3 centaur zombies
  Crazy Yiuf (D:5)
  12 orc priests
  14 orc wizards
  A bullfrog skeleton (D:12)
  Jessica (D:2)
  A centaur skeleton (D:9)
  A gnoll shaman (D:10)
  8 iguanas
  Natasha (D:2)
  7 worker ants
  2 worker ant zombies
  11 gnolls
  12 adders
  A shadow imp (D:12)
  3 oozes
  An adder zombie (D:8)
  2 worms
  3 dart slugs
  6 leopard geckos
  50 orcs
  3 ball pythons
  9 giant cockroaches
  5 goblins
  6 hobgoblins
  15 jackals
  20 kobolds
  8 quokkas
  8 bats
  12 frilled lizards
  A jackal zombie (D:8)
  9 rats
417 creatures vanquished.

Vanquished Creatures (collateral kills)
  A cyclops (D:11)
  A hornet (D:8)
  2 blink frogs
  A basilisk (Lair:2)
  Grum (D:10)
  A warg (D:10)
  A sky beast (D:6)
  A wolf (Gauntlet)
  A big kobold (D:10)
  An orc priest (D:10)
  3 gnolls (D:10)
  A shadow imp (D:12)
  3 orcs
  2 kobolds (D:10)
20 creatures vanquished.

Vanquished Creatures (others)
  A centaur (D:7)
  An orc wizard (D:3)
  A kobold (Sewer)
  2 fungi (Lair:3)
  6 plants
11 creatures vanquished.

Grand Total: 448 creatures vanquished

Notes
Turn   | Place    | Note
-------+----------+-------------------------------------------
     0 | D:1      | MisterOstroum the Demonspawn Wanderer began the quest for
                  | the Orb.
     0 | D:1      | MisterOstroum set off with the following items: a +0 club,
                  | a +0 ring mail, a scroll of teleportation {@r3 !r}, a
                  | ration; and the following spell memorised: Sandblast; and
                  | the following spells available to memorise: Passwall, Stone
                  | Arrow, Petrify, Lee's Rapid Deconstruction
     0 | D:1      | Reached XP level 1. HP: 15/15 MP: 2/2
   187 | D:1      | Reached skill level 2 in Fighting
   192 | D:1      | Gained mutation: You are partially covered in molten
                  | scales. (AC +2) [demonic ancestry]
   192 | D:1      | Reached XP level 2. HP: 15/22 MP: 1/3
  1554 | D:2      | Reached skill level 1 in Short Blades
  1554 | D:2      | Reached XP level 3. HP: 7/28 MP: 4/4
  2174 | D:2      | Reached skill level 3 in Fighting
  2841 | D:2      | Noticed Jessica
  2853 | D:2      | Killed Jessica
  2853 | D:2      | Reached XP level 4. HP: 35/35 MP: 5/5
  2885 | D:2      | Noticed Natasha
  2896 | D:2      | Killed Natasha
  3125 | D:3      | Reached XP level 5. HP: 40/41 MP: 6/6
  3479 | D:3      | Found a glowing drain.
  3644 | Sewer    | Entered a sewer
  3774 | Sewer    | Reached skill level 4 in Fighting
  3774 | Sewer    | Gained mutation: You are partially covered in sharp spines.
                  | [demonic ancestry]
  3774 | Sewer    | Reached XP level 6. HP: 41/48 MP: 7/7
  4258 | D:3      | Gained mutation: Your muscles are strong. (Str +2) [potion
                  | of mutation]
  4258 | D:3      | Gained mutation: You are agile. (Dex +2) [potion of
                  | mutation]
  4316 | D:3      | Found an opulent altar of Gozag.
  4331 | D:3      | Became a worshipper of Gozag Ym Sagoz the Greedy
  4710 | D:3      | Found a burning altar of Makhleb.
  4833 | D:4      | Gained mutation: You have sharp fingernails. [demonic
                  | ancestry]
  4833 | D:4      | Reached XP level 7. HP: 45/55 MP: 8/8
  5033 | D:4      | Reached skill level 5 in Fighting
  5476 | D:4      | Found a staircase to the Ecumenical Temple.
  5901 | D:5      | Entered Level 5 of the Dungeon
  5914 | D:5      | Found a shadowy altar of Dithmenos.
  6115 | D:5      | Reached XP level 8. HP: 59/64 MP: 9/9
  6133 | D:5      | Reached skill level 6 in Fighting
  6148 | D:5      | Reached skill level 5 in Short Blades
  6246 | D:5      | Found a runed translucent door.
  6246 | D:5      | Noticed Crazy Yiuf
  6566 | D:5      | Reached skill level 5 in Armour
  6774 | D:5      | Killed Crazy Yiuf
  7043 | D:6      | Reached skill level 7 in Fighting
  7189 | D:6      | Found a sacrificial altar of Ru.
  7270 | D:6      | HP: 2/67 [ogre/+0 giant club (4)]
  7276 | D:6      | Gained mutation: A weak demonic guardian rushes to your
                  | aid. [demonic ancestry]
  7276 | D:6      | Reached XP level 9. HP: 33/72 MP: 10/10
  7643 | D:6      | Found a blossoming altar of Fedhas.
  8667 | D:7      | Found a deep blue altar of Sif Muna.
  8697 | D:7      | Reached skill level 8 in Fighting
  8809 | D:7      | Found Ryaklu's Assorted Antiques.
  8817 | D:7      | Bought a shiny buckler for 142 gold pieces
  9026 | D:8      | Found a radiant altar of Vehumet.
  9047 | D:8      | Noticed Erica
  9060 | D:8      | Killed Erica
  9566 | D:8      | Gained mutation: You have very sharp fingernails. [demonic
                  | ancestry]
  9566 | D:8      | Reached XP level 10. HP: 79/82 MP: 11/11
  9904 | D:8      | Paralysed by a hornet for 3 turns
 10158 | D:8      | Paralysed by a hornet for 3 turns
 10182 | D:8      | Reached skill level 9 in Fighting
 11415 | D:9      | Found a hide-covered altar of Uskayaw.
 11415 | D:9      | Found a snail-covered altar of Cheibriados.
 11533 | D:10     | Entered Level 10 of the Dungeon
 12141 | D:10     | Noticed a two-headed ogre
 12409 | D:10     | Found a staircase to the Lair.
 12516 | D:10     | Killed a two-headed ogre
 12516 | D:10     | Reached skill level 10 in Fighting
 12821 | D:10     | Noticed Grum
 12846 | D:10     | Killed Grum
 13253 | D:11     | Noticed a cyclops
 13300 | D:10     | Gained mutation: You have claws for hands. [demonic
                  | ancestry]
 13300 | D:10     | Reached XP level 11. HP: 92/92 MP: 12/12
 13391 | D:11     | Noticed a sixfirhy
 13864 | D:11     | Noticed Josephine
 13905 | D:11     | Killed Josephine
 14095 | D:10     | Reached skill level 11 in Fighting
 14235 | D:10     | Reached skill level 10 in Short Blades
 14993 | D:11     | Found a staircase to the Orcish Mines.
 15297 | D:11     | Reached skill level 1 in Throwing
 15612 | D:12     | Noticed a deep elf mage
 15636 | D:11     | Killed a deep elf mage
 15982 | D:12     | Noticed a white ugly thing
 16496 | D:11     | Identified a scroll of acquirement
 16537 | D:12     | Killed a white ugly thing
 16537 | D:12     | Reached skill level 12 in Fighting
 16669 | D:12     | Noticed a white ugly thing
 16691 | D:12     | Killed a white ugly thing
 16737 | D:12     | Got a polished helmet
 16839 | D:12     | Identified the +1 helmet of Freedom {rPois rF+ rC+ Dex+8}
                  | (You found it on level 12 of the Dungeon)
 17115 | Lair:1   | Entered Level 1 of the Lair of Beasts
 17120 | D:10     | Gained mutation: Your magical and physical power is
                  | slightly enhanced at high health. [demonic ancestry]
 17120 | D:10     | Reached XP level 12. HP: 102/102 MP: 13/13
 19230 | Lair:2   | Noticed HAL9000's ghost (journeyman DrTm)
 20127 | Lair:2   | Found a hole to the Spider Nest.
 20150 | Lair:2   | Noticed a four-headed hydra
 20211 | Lair:2   | Reached skill level 13 in Fighting
 20404 | Lair:2   | Found a white marble altar of Elyvilon.
 20550 | Lair:2   | Found a transporter.
 20553 | Lair:2   | Found a transporter.
 20583 | Lair:3   | Noticed Nergalle
 20589 | Lair:3   | Noticed Snorg
 20724 | Lair:3   | Noticed a six-headed hydra
 20734 | Lair:3   | Killed a six-headed hydra
 20757 | Lair:3   | Found a gate leading to a gauntlet.
 20805 | Gauntlet | Entered a Gauntlet
 20805 | Gauntlet | Found a transporter.
 20805 | Gauntlet | Found a transporter.
 20805 | Gauntlet | Found a transporter.
 20828 | Gauntlet | Found a transporter.
 20828 | Gauntlet | Found a transporter.
 20829 | Gauntlet | Noticed a tengu warrior
 20836 | Gauntlet | Found a transporter.
 20839 | Gauntlet | Found a transporter.
 20847 | Gauntlet | Found a transporter.
 20857 | Gauntlet | Noticed a blizzard demon
 20865 | Gauntlet | Found a transporter.
 20871 | Gauntlet | Found a transporter.
 20873 | Gauntlet | Found a transporter.
 20883 | Gauntlet | Found a transporter.
 20902 | Gauntlet | Noticed a death yak
 20903 | Gauntlet | Noticed a death yak
 20903 | Gauntlet | Noticed a death yak
 20903 | Gauntlet | Noticed a death yak
 20903 | Gauntlet | Noticed a death yak
 20903 | Gauntlet | Noticed a death yak
 21077 | Gauntlet | Got a pair of scorched boots
 21114 | Gauntlet | Identified the cursed -5 pair of boots of the Iron Devil
                  | {rC+++ Regen+ Int-5} (You found it in a Gauntlet)
 21202 | Gauntlet | Killed a death yak
 21202 | Gauntlet | Reached skill level 14 in Fighting
 21217 | Gauntlet | Got a distressingly furry helmet
 21239 | Gauntlet | Killed a death yak
 21552 | Gauntlet | Noticed a minotaur
 21568 | Gauntlet | Hit by a javelin thrown by a minotaur

Levels and vault maps discovered:
D:1:      matt_arrival_diagonals, layout_basic, minmay_lizard_pond
D:2:      layout_loops_corners, uniq_natasha, uniq_jessica
D:3:      layout_loops_ring, nicolae_gozag_seed_capital,
          makhleb_blood_cavern_becter, portal_sewer_entry_e, grunt_ministairs_13
D:4:      layout_loops_ring, minmay_temple_entry_butterflies, serial_glass,
          glass_columns_b, glass_columns_b, first_ration
D:5:      layout_loops_cross, grunt_dithmenos_smoke, uniq_crazy_yiuf_cottage
D:6:      layout_loops_cross, fedhas_altar_decomposition,
          nicolae_ru_sacrificial_ziggurat, serial_park_tiny_1, minmay_checkerbox
D:7:      layout_basic, overflow_temple_1_default, serial_shops,
          nicolae_shop_behind_doors
D:8:      layout_rooms, fiery_altar_vehumet, hangedman_pestilent_swarm,
          uniq_erica
D:9:      layout_basic, gammafunk_temple_overflow_wave
D:10:     layout_loops_ring, erik_lair_orcish_takeover, chequers_garden,
          uniq_grum
D:11:     layout_long_grid, david_orc_4, uniq_josephine
D:12:     layout_rooms, serial_aquarium, aquarium_bridge_square
          [aquarium_subvault_window, aquarium_subvault_bridge,
          aquarium_subvault_wall, aquarium_subvault_window], aquarium_window_1,
          aquarium_window_corridor_3, aquarium_view_2d, aquarium_view_2e
Lair:1:   layout_cave_shapes
Lair:2:   layout_gridlike, spider_nest_entry_rubble, serial_rivers,
          chequers_serial_rivers_small_a, chequers_serial_rivers_micro_c,
          chequers_serial_rivers_micro_c, chequers_serial_rivers_marsh,
          chequers_serial_rivers_small_a, chequers_serial_rivers_micro_c,
          basic_altar, gammafunk_ghost_hive, disabler_island,
          serial_bayou_shore_a
Lair:3:   layout_regular_city, gauntlet_entry_generic, uniq_nergalle, uniq_snorg
Gauntlet: minmay_gauntlet_mixed_big_or_small [nicolae_gauntlet_arena_grate_2,
          minmay_gauntlet_arena_77_chump_sandwich,
          nicolae_gauntlet_arena_quarters, minmay_gauntlet_arena_77_two_paths,
          gammafunk_gauntlet_arena_corners,
          minmay_gauntlet_arena_77_radiant_squares, gauntlet_exit_watery]

Skill      XL: |  1  2  3  4  5  6  7  8  9 10 11 12 |
---------------+-------------------------------------+-----
Fighting       | 2 3 4 5 7 8 10 12 14 | 14.2
Short Blades   | 1 2 3 4 6 7 9 11 12 | 12.0
Armour         | 2 3 4 5 7 |  7.1
Shields        | 2 4 |  4.5
Throwing       | 2 |  2.0
Axes           | |  2.6
Stealth        | |  1.0
Spellcasting   | |  1.0
Transmutations | |  1.7

Action                   |  1- 3 |  4- 6 |  7- 9 | 10-12 || total
-------------------------+-------+-------+-------+-------++-------
Melee: Club              |    24 |       |       |       ||    24
       Short sword       |    94 |   177 |   344 |   875 ||  1490
Throw: Stone             |    96 |   120 |   197 |   178 ||   591
       Boomerang         |       |       |       |   108 ||   108
       Dart              |       |       |       |   255 ||   255
       Javelin           |       |       |       |    44 ||    44
       Throwing net      |       |       |       |     4 ||     4
 Cast: Sandblast         |     1 |       |       |       ||     1
Invok: Potion Petition   |       |       |     2 |     2 ||     4
Evoke: Wand              |       |       |     1 |       ||     1
       Fan of gales      |       |       |       |     1 ||     1
  Use: Potion            |     1 |    10 |     3 |     7 ||    21
       Scroll            |       |     4 |       |    19 ||    23
 Stab: Sleeping          |       |       |     1 |       ||     1
       Distracted        |       |       |     1 |     4 ||     5
       Held in net/web   |       |       |       |     2 ||     2
  Eat: Ration            |     1 |       |     5 |    13 ||    19
       Chunk             |     3 |     6 |       |       ||     9
Armor: Ring mail         |    53 |    75 |    93 |   110 ||   331
       Scale mail        |       |       |       |    27 ||    27
       Skin              |       |       |       |     8 ||     8
Dodge: Dodged            |    45 |    64 |    79 |   159 ||   347
Block: Other             |       |    42 |    69 |    27 ||   138
       Reflection        |       |     7 |     6 |    16 ||    29
       Buckler           |       |       |     1 |   346 ||   347

Table legend:
 A = Non-vault XP
 B = Vault XP
 C = Vault XP percentage of total XP
 D = Non-vault monster count
 E = Vault monster count
 F = Vault count percentage of total count
                 A         B        C        D         E       F
            +---------+---------+-------+---------+---------+-------
      Total |   25300 |   10514 |  29.4 |     341 |      99 |  22.5
            +---------+---------+-------+---------+---------+-------
        D:1 |      27 |       8 |  22.9 |      17 |       8 |  32.0
        D:2 |      61 |      72 |  54.1 |      12 |       2 |  14.3
        D:3 |     244 |      43 |  15.0 |      41 |       3 |   6.8
        D:4 |     464 |       0 |   0.0 |      27 |       0 |   0.0
        D:5 |     901 |      41 |   4.4 |      24 |       1 |   4.0
        D:6 |     724 |     229 |  24.0 |      14 |       4 |  22.2
        D:7 |    1351 |       0 |   0.0 |      34 |       0 |   0.0
        D:8 |     856 |    1688 |  66.4 |      17 |       5 |  22.7
        D:9 |     632 |       0 |   0.0 |      15 |       0 |   0.0
       D:10 |    3832 |    1715 |  30.9 |      48 |      16 |  25.0
       D:11 |    4086 |    1971 |  32.5 |      30 |      18 |  37.5
       D:12 |    3263 |       0 |   0.0 |      19 |       0 |   0.0
     Lair:1 |    2562 |       0 |   0.0 |      12 |       0 |   0.0
     Lair:2 |    4549 |     613 |  11.9 |      26 |       6 |  18.8
     Lair:3 |    1748 |       0 |   0.0 |       5 |       0 |   0.0
      Sewer |       0 |     244 | 100.0 |       0 |      24 | 100.0
   Gauntlet |       0 |    3890 | 100.0 |       0 |      12 | 100.0
            +---------+---------+-------+---------+---------+-------
